 Dungeon Crawl Stone Soup version 0.31.0 (webtiles) character file.

Game seed: 2228894601582692615

1274 qw the Skirmisher (level 8, -12/51 HPs)
             Began as a Gargoyle Hunter on Jan 20, 2024.
             Mangled by an orc warrior
             ... wielding a +0 halberd
              (14 damage)
             ... on level 7 of the Dungeon.
             The game lasted 00:00:17 (3319 turns).

qw the Skirmisher (Gargoyle Hunter)                 Turns: 3319, Time: 00:00:17

Health: -12/51     AC: 10    Str: 15    XL:     8   Next: 53%
Magic:  8/8        EV: 12    Int: 10    God:
Gold:   285        SH:  0    Dex: 21    Spells: 7/7 levels left

rFire   . . .        f - +1 shortbow (freeze)
rCold   . . .        (shield currently unavailable)
rNeg    + . .        e - +0 ring mail
rPois   inf          (no helmet)
rElec   +            (no cloak)
rCorr   .            (no gloves)
SInv    .            (no boots)
Will    .....        j - amulet of faith
Stlth   +            g - +6 ring of dexterity
HPRegen 0.28/turn    (no ring)
MPRegen 0.11/turn

%: faith
@: no status effects
A: sickness immunity, AC +5, negative energy resistance 1, electricity
resistance, torment resistance 1, petrification resistance
a: no special abilities


You were on level 7 of the Dungeon.
You visited 1 branch of the dungeon, and saw 7 of its levels.

You collected 285 gold pieces.


Innate Abilities, Weirdness & Mutations

You are immune to sickness and miasma.
Your stone body is resilient. (AC +5)
You are immune to poison.
You resist negative energy. (rN+)
You are resistant to electric shocks. (rElec)
You are resistant to unholy torment.
You are immune to petrification.


   Skills:
 - Level 6.1 Fighting
 - Level 9.0 Ranged Weapons
 + Level 1.5 Armour
 - Level 2.5 Dodging
 - Level 1.1 Stealth


You had 7 spell levels left.
You didn't know any spells.
Your spell library was empty.

Inventory:

Hand Weapons
 f - a +1 shortbow of freezing (weapon)
Armour
 c - a +2 ring mail of poison resistance
 e - a +0 ring mail (worn)
Jewellery
 g - a +6 ring of dexterity (left hand)
 j - an amulet of faith (around neck)
Scrolls
 k - a scroll of fear {unknown}
Potions
 b - a potion of curing {unknown}
 d - a potion of mutation
 h - a potion of cancellation {unknown}

Dungeon Overview and Level Annotations

Branches:
Dungeon (8/15)
 Temple: D:4-7         Lair: D:8-11

Altars:


Message History

The arrow hits the yak but does no damage.
The yak is lightly wounded.
The yak is no longer paralysed.
The yak gores you.
You shoot an arrow. The arrow hits the yak.
The arrow freezes the yak.
The yak is moderately wounded.
The yak gores you.
You shoot an arrow. The arrow hits the yak.
The arrow freezes the yak.
The yak is moderately wounded.
The yak closely misses you.
You shoot an arrow. The arrow completely misses the yak.
The arrow hits the yak but does no damage.
The yak is almost dead.
The yak gores you!
You shoot an arrow. The arrow barely misses the yak. x2
The yak gores you!
You shoot an arrow. The arrow hits the yak.
The arrow freezes the yak.
You kill the yak!
The yak gores you!
Your Fighting skill increases to level 6!
3316 ||| READING scroll of teleportation.
As you read the scroll of teleportation, it crumbles to dust.
You feel strangely unstable. The yak gores you but does no damage.
You shoot an arrow. The arrow barely misses the yak.
A howler monkey comes into view.
The yak gores you!
You shoot an arrow. The howler monkey howls!
The arrow hits the yak.
The arrow freezes the yak.
The yak is heavily wounded.
Your surroundings suddenly seem different.
An orc warrior, 2 orcs, a two-headed ogre and a sleepcap come into view.
Found a scroll of butterflies and a scroll labelled XYOXAO ERRYHA.
Found a stone staircase leading up.
The orc warrior hits you but does no damage.
The orc misses you.
The orc shouts!
3319 ||| RETREEEEATING.
The orc warrior hits you from afar with a +0 halberd!
You die...

###? #...#
##..O#
#..f..
#..... ##
#....##.#
#.<.o..###
#.......#
##@oo..##
#..#.##
##.### ###


You could see a two-headed ogre, an orc warrior, a sleepcap and 2 orcs.

Vanquished Creatures
  Joseph (D:8)
  2 yaks (D:7)
  A black bear (D:4)
  2 ogres (D:4)
  A scorpion (D:3)
  A howler monkey (D:5)
  An orc priest (D:4)
  A bombardier beetle (D:4)
  2 hounds
  A jelly (D:5)
  6 adders
  A ribbon worm (D:5)
  A dart slug (D:1)
  9 orcs
  8 bats
  7 endoplasms
  6 giant cockroaches
  5 hobgoblins
  5 jackals
  3 quokkas
  11 ball pythons
  5 frilled lizards
  4 goblins
  7 kobolds
  23 rats
114 creatures vanquished.

Notes
Turn   | Place    | Note
-------+----------+-------------------------------------------
     0 | D:1      | qw the Gargoyle Hunter began the quest for the Orb.
     0 | D:1      | Reached XP level 1. HP: 12/12 MP: 1/1
     0 | D:1      | 0 ||| qw: Version: 0.3-a-132-g3d54051
     0 | D:1      | 0 ||| qw: Game counter: 451
     0 | D:1      | 0 ||| qw: Melee chars always use a shield: true
     0 | D:1      | 0 ||| qw: God list: Okawaru
     0 | D:1      | 0 ||| qw: Allow faded altars: false
     0 | D:1      | 0 ||| qw: Do Orc after clearing Dungeon:15 true
     0 | D:1      | 0 ||| qw: Do second Lair branch before Depths: true
     0 | D:1      | 0 ||| qw: Lair rune preference: random
     0 | D:1      | 0 ||| qw: Goals: Normal
     0 | D:1      | 0 ||| PLANNING D:1-11
    54 | D:1      | Reached XP level 2. HP: 17/17 MP: 2/2
   315 | D:1      | Reached XP level 3. HP: 21/21 MP: 3/3
   466 | D:1      | Reached skill level 5 in Ranged Weapons
   743 | D:1      | 743 ||| UPGRADING to +6 ring of dexterity.
   744 | D:1      | 744 ||| READING scroll labelled XAOGEE CUOLUJ.
   745 | D:1      | 745 ||| READING scroll labelled CUISOI ELOFU.
   746 | D:1      | 746 ||| READING scroll labelled BAXTAC AFOENWE.
   746 | D:1      | 746 ||| IDENTIFYING golden potion
   747 | D:1      | 747 ||| READING scroll labelled ZYW PONKIETUJIZODD.
   748 | D:1      | 748 ||| READING scroll labelled IPOMACE ZUDE.
   753 | D:1      | 753 ||| DROPPING scroll of butterflies.
   936 | D:2      | Reached skill level 3 in Fighting
   939 | D:2      | 939 ||| FLEEEEING.
   940 | D:2      | 940 ||| FLEEEEING.
   942 | D:2      | 942 ||| FLEEEEING.
   943 | D:2      | 943 ||| FLEEEEING.
   944 | D:2      | 944 ||| FLEEEEING.
   945 | D:2      | 945 ||| FLEEEEING.
   949 | D:2      | 949 ||| STAIRDANCE
  1005 | D:2      | Reached XP level 4. HP: 28/28 MP: 4/4
  1180 | D:2      | 1180 ||| READING scroll labelled TOFFIM VUDWUH.
  1180 | D:2      | 1180 ||| ENCHANTING +0 shortbow.
  1181 | D:2      | 1181 ||| DRINKING 2 sedimented black potions.
  1182 | D:2      | 1182 ||| DRINKING 2 viscous green potions.
  1233 | D:2      | 1233 ||| DROPPING potion of brilliance.
  1234 | D:2      | 1234 ||| DROPPING potion of lignification.
  1791 | D:3      | Reached XP level 5. HP: 32/32 MP: 5/5
  1845 | D:3      | Reached skill level 6 in Ranged Weapons
  1971 | D:3      | 1971 ||| FLEEEEING.
  2054 | D:3      | 2054 ||| UPGRADING to +0 ring mail.
  2064 | D:3      | 2064 ||| DROPPING +0 leather armour.
  2065 | D:3      | 2065 ||| UPGRADING to amulet of faith.
  2070 | D:3      | 2070 ||| READING scroll labelled YBLOUNIKKIA.
  2070 | D:3      | 2070 ||| ENCHANTING +0 shortbow.
  2080 | D:4      | 2080 ||| STAIRDANCE
  2082 | D:4      | 2082 ||| STAIRDANCE
  2096 | D:3      | Reached skill level 1 in Armour
  2096 | D:3      | Reached XP level 6. HP: 31/37 MP: 6/6
  2144 | D:4      | 2144 ||| FLEEEEING.
  2145 | D:4      | 2145 ||| FLEEEEING.
  2146 | D:4      | 2146 ||| FLEEEEING.
  2147 | D:4      | 2147 ||| FLEEEEING.
  2148 | D:4      | 2148 ||| FLEEEEING.
  2149 | D:4      | 2149 ||| FLEEEEING.
  2150 | D:4      | 2150 ||| FLEEEEING.
  2151 | D:4      | 2151 ||| FLEEEEING.
  2156 | D:4      | 2156 ||| STAIRDANCE
  2160 | D:3      | 2160 ||| STAIRDANCE
  2293 | D:4      | Noticed a black bear
  2295 | D:4      | 2295 ||| ZAPPING wand of light (8) at 1,5 (black bear;
                  | floor).
  2296 | D:4      | 2296 ||| ZAPPING wand of light (7) at 1,4 (black bear;
                  | floor).
  2296 | D:4      | Killed a black bear
  2362 | D:4      | Reached XP level 7. HP: 19/43 MP: 7/7
  2367 | D:4      | 2367 ||| FLEEEEING.
  2471 | D:4      | Reached skill level 7 in Ranged Weapons
  2909 | D:4      | 2909 ||| DROPPING ring of magical power.
  2910 | D:4      | 2910 ||| READING scroll labelled PYUT UWUNI.
  2910 | D:4      | Identified a scroll of acquirement
  2910 | D:4      | 2910 ||| ACQUIRING +1 shortbow of freezing
  2910 | D:4      | Acquired a +1 shortbow of freezing
  2912 | D:4      | 2912 ||| SWAPPING to +1 shortbow of freezing.
  2913 | D:4      | 2913 ||| DROPPING +1 shortbow.
  2914 | D:4      | 2914 ||| READING scroll labelled GENUN TEPTIMM.
  2950 | D:4      | 2950 ||| FLEEEEING.
  3083 | D:5      | Entered Level 5 of the Dungeon
  3207 | D:5      | You fall into a shaft and drop 3 floors!
  3220 | D:8      | Noticed Joseph
  3221 | D:8      | 3221 ||| ZAPPING wand of light (6) at -3,-4 (Joseph;
                  | floor).
  3222 | D:8      | 3222 ||| ZAPPING wand of light (5) at -3,-4 (Joseph;
                  | floor).
  3223 | D:8      | 3223 ||| ZAPPING wand of light (4) at -3,-4 (Joseph;
                  | floor).
  3224 | D:8      | 3224 ||| ZAPPING wand of light (3) at -3,-4 (Joseph;
                  | floor).
  3225 | D:8      | 3225 ||| ZAPPING wand of light (2) at -3,-4 (Joseph;
                  | floor).
  3226 | D:8      | 3226 ||| ZAPPING wand of light (1) at -3,-4 (Joseph;
                  | floor).
  3227 | D:8      | Killed Joseph
  3228 | D:8      | Reached skill level 9 in Ranged Weapons
  3228 | D:8      | Reached XP level 8. HP: 41/48 MP: 8/8
  3271 | D:8      | 3271 ||| FLEEEEING.
  3278 | D:8      | 3278 ||| STAIRDANCE
  3284 | D:7      | Noticed a yak
  3284 | D:7      | Noticed a yak
  3284 | D:7      | Noticed a yak
  3285 | D:7      | 3285 ||| RETREEEEATING.
  3286 | D:7      | 3286 ||| RETREEEEATING.
  3287 | D:7      | 3287 ||| ZAPPING wand of paralysis (9) at -6,-3 (yak;
                  | floor).
  3288 | D:7      | 3288 ||| ZAPPING wand of paralysis (8) at -6,0 (yak;
                  | floor).
  3289 | D:7      | 3289 ||| ZAPPING wand of paralysis (7) at -5,0 (yak;
                  | floor).
  3289 | D:7      | Noticed a yak
  3290 | D:7      | 3290 ||| ZAPPING wand of paralysis (6) at -7,1 (yak;
                  | floor).
  3292 | D:7      | 3292 ||| ZAPPING wand of paralysis (5) at -5,-1 (yak;
                  | floor).
  3295 | D:7      | 3295 ||| ZAPPING wand of paralysis (4) at -5,1 (yak;
                  | floor).
  3300 | D:7      | Killed a yak
  3303 | D:7      | 3303 ||| ZAPPING wand of paralysis (3) at -5,-2 (yak;
                  | floor).
  3306 | D:7      | 3306 ||| ZAPPING wand of paralysis (2) at -4,0 (yak;
                  | floor).
  3307 | D:7      | 3307 ||| ZAPPING wand of paralysis (1) at -3,0 (yak;
                  | floor).
  3315 | D:7      | Killed a yak
  3315 | D:7      | HP: 7/49 [yak (8)]
  3316 | D:7      | Reached skill level 6 in Fighting
  3316 | D:7      | 3316 ||| READING scroll of teleportation.
  3317 | D:7      | HP: 1/51 [yak (7)]
  3318 | D:7      | Noticed a two-headed ogre
  3319 | D:7      | 3319 ||| RETREEEEATING.
  3319 | D:7      | Mangled by an orc warrior

Levels and vault maps discovered:
D:1:      ldierk_walled_garden_2, layout_basic, serial_rivers,
          chequers_serial_rivers_micro_a, chequers_serial_rivers_micro_c,
          chequers_serial_rivers_large_a, chequers_serial_rivers_micro_a,
          chequers_serial_rivers_micro_c
D:2:      layout_basic
D:3:      layout_basic, roderic_lattice_a, minmay_rat_hole
D:4:      layout_loops_ring
D:5:      layout_gridville
D:7:      layout_cave_pools, mainiacjoe_overflow_24_doors, gammafunk_ghost_smash
D:8:      layout_rooms, uniq_maurice, uniq_joseph

Skill      XL: |  1  2  3  4  5  6  7  8 |
---------------+-------------------------+-----
Ranged Weapons | 5 6 9 |  9.0
Fighting       | 3 4 6 |  6.1
Dodging        | 2 |  2.5
Armour         | 1 |  1.5
Stealth        | |  1.1

Action                     |  1- 3 |  4- 6 |  7- 9 || total
---------------------------+-------+-------+-------++-------
   Fire: Shortbow          |   120 |   167 |    67 ||   354
  Evoke: Wand              |       |     2 |    15 ||    17
    Use: Scroll            |     5 |     2 |     3 ||    10
         Potion            |       |     2 |       ||     2
 Armour: Leather armour    |    39 |    23 |       ||    62
         Ring mail         |       |    23 |    20 ||    43
  Dodge: Dodged            |    41 |    56 |    15 ||   112

Table legend:
 A = Non-vault XP
 B = Vault XP
 C = Vault XP percentage of total XP
 D = Non-vault monster count
 E = Vault monster count
 F = Vault count percentage of total count
                 A         B        C        D         E       F
            +---------+---------+-------+---------+---------+-------
      Total |    1346 |     475 |  26.1 |      94 |      20 |  17.5
            +---------+---------+-------+---------+---------+-------
        D:1 |      45 |       0 |   0.0 |      29 |       0 |   0.0
        D:2 |      59 |       0 |   0.0 |      23 |       0 |   0.0
        D:3 |     198 |      20 |   9.2 |      20 |      19 |  48.7
        D:4 |     535 |       0 |   0.0 |      17 |       0 |   0.0
        D:5 |     101 |       0 |   0.0 |       3 |       0 |   0.0
        D:7 |     408 |       0 |   0.0 |       2 |       0 |   0.0
        D:8 |       0 |     455 | 100.0 |       0 |       1 | 100.0
            +---------+---------+-------+---------+---------+-------
